 Dungeon Crawl Stone Soup version 0.30-a0-920-g7493c07aab (webtiles) character file.

Game seed: 16958795036310585248

1652530 FexLirch the Worldbinder (level 26, 306/306 HPs)
             Began as a Demigod Fire Elementalist on Mar 21, 2023.
             Escaped with the Orb
             ... and 3 runes on Mar 22, 2023!
             The game lasted 09:16:34 (78287 turns).

FexLirch the Worldbinder (DgFE)                    Turns: 78287, Time: 09:16:35

Health: 306/306    AC: 13    Str: 14    XL:     26   Next: 94%
Magic:  50/52      EV: 29    Int: 48    God:
Gold:   3564       SH: 10    Dex: 20    Spells: 1/62 levels left

rFire   + + .      SeeInvis +    T - staff of earth "Lozxarupe" {rC+ rN+}
rCold   + + +      Faith    .    J - +3 warlock's mirror {omnireflect}
rNeg    + + .      Spirit   .    y - +2 robe {Archmagi}
rPois   +          Reflect  +    V - +2 hat {Will+}
rElec   +          Rampage  .    s - scarf {rC+ rF+}
rCorr   +          Archmagi +    E - +1 pair of gloves "Loug" {Dex+2}
Will    ++++.                    W - +0 pair of boots of Fabulous Mirth {Str+3 SInv Stlth+} Stlth
                                 X - amulet "Kytsamp" {RegenMP +Inv rElec rF- Will+}
HPRegen 0.71/turn                c - ring of Suspicion {Drain rF+ EV+5 Str+3}
MPRegen 0.73/turn                f - ring "Qizoilee" {rPois rN+ rCorr AC+4}

@: mighty, brilliant, berserking, resistant, calling dragons, attractive,
flying, hasted, studying Shields, invisible, very quick
A: high MP 1, forlorn, divine attributes, claws 1, agile 1, frail 1, no potion
heal 1
0: Orb of Zot
}: 3/15 runes: decaying, slimy, gossamer
a: Evoke Invisibility


You escaped.
You visited 11 branches of the dungeon, and saw 54 of its levels.
You also visited: Sewer, Ossuary, Gauntlet, Ice Cave, Wizlab and Desolation.

You collected 10042 gold pieces.
You spent 6478 gold pieces at shops.

Inventory:

Hand Weapons
 U - the +7 lajatang of Order {silver, rMut}
   (You took it off an ironbound convoker in the Desolation of Salt)

   rMut:      It protects you from mutation.
Missiles
 B - 5 throwing nets
Armour
 s - a scarf of resistance (worn)
 t - the +2 hat of the Nexus {rPois rN+ Str-3 Slay+2}
   (You found it on level 3 of the Elven Halls)

   Str:       It affects your strength (-3).
   Slay:      It affects your accuracy & damage with ranged weapons and melee
   (+2).
   rPois:     It protects you from poison.
   rN:        It protects you from negative energy.
 y - a +2 robe of the Archmagi (worn)
 E - the +1 pair of gloves "Loug" (worn) {Dex+2}
   (You found it in the Desolation of Salt)

   Dex:       It affects your dexterity (+2).
 J - the +3 warlock's mirror (worn) {omnireflect}
   (You acquired it on level 1 of the Orcish Mines)

   Omnireflect: It can block and reflect piercing ranged attacks and magical
   attacks against the wielder's willpower.
 V - a +2 hat of willpower (worn)
 W - the +0 pair of boots of Fabulous Mirth (worn) {Str+3 SInv Stlth+}
   (You acquired it on level 14 of the Dungeon)

   Str:       It affects your strength (+3).
   SInv:      It lets you see invisible.
   Stlth:     It makes you more stealthy.
Magical Staves
 l - the staff of cold "Ywiaxuown" {rC+ Will+ Str+3 Stlth-}
   (You found it on level 3 of the Elven Halls)

   [staff of cold]

   Base accuracy: +5 Base damage: 5 Base attack delay: 1.2 This weapon's minimum
   attack delay (0.6) is reached at skill level 12.
   Str:       It affects your strength (+3).
   rC:        It protects you from cold.
   Will:      It increases your willpower.
   Stlth:     It makes you less stealthy.
   It falls into the 'Staves' category.
   It is a one-handed weapon.
 C - the staff of cold "Zaithrus" {rC+ Int+2 Dex-5 SInv}
   (You found it on level 1 of the Elven Halls)

   [staff of cold]

   Base accuracy: +5 Base damage: 5 Base attack delay: 1.2 This weapon's minimum
   attack delay (0.6) is reached at skill level 12.
   Int:       It affects your intelligence (+2).
   Dex:       It affects your dexterity (-5).
   rC:        It protects you from cold.
   SInv:      It lets you see invisible.
   It falls into the 'Staves' category.
   It is a one-handed weapon.
 T - the staff of earth "Lozxarupe" (weapon) {rC+ rN+}
   (You acquired it on level 1 of the Orcish Mines)

   [staff of earth]

   Base accuracy: +5 Base damage: 5 Base attack delay: 1.2 This weapon's minimum
   attack delay (0.6) is reached at skill level 12.
   rC:        It protects you from cold.
   rN:        It protects you from negative energy.
   It falls into the 'Staves' category.
   It is a one-handed weapon.
Jewellery
 c - the ring of Suspicion (left hand) {Drain rF+ EV+5 Str+3}
   (You found it in a Gauntlet)

   [ring of evasion]

   EV:        It affects your evasion (+5).
   Str:       It affects your strength (+3).
   rF:        It protects you from fire.
   Drain:     It drains your maximum health when unequipped.
 d - a ring of protection from fire
 f - the ring "Qizoilee" (right hand) {rPois rN+ rCorr AC+4}
   (You found it on level 3 of the Elven Halls)

   [ring of protection]

   AC:        It affects your AC (+4).
   rPois:     It protects you from poison.
   rN:        It protects you from negative energy.
   rCorr:     It protects you from acid and corrosion.
 h - the ring of the Hare {EV+10}
   (You found it on level 5 of the Pits of Slime)

   [ring of evasion]

   EV:        It affects your evasion (+10).
 m - a +6 ring of intelligence
 A - a ring of willpower
 O - the ring of Jowoj {+Blink Fly Will+ rCorr Str+3}
   (You found it in the Desolation of Salt)

   [ring of resist corrosion]

   Str:       It affects your strength (+3).
   Fly:       It grants you flight.
   +Blink:    It lets you blink.
   rCorr:     It protects you from acid and corrosion.
   Will:      It increases your willpower.
 Q - a ring of magical power
 S - a ring of wizardry
 X - the amulet "Kytsamp" (around neck) {RegenMP +Inv rElec rF- Will+}
   (You acquired it on level 1 of the Swamp)

   [amulet of magic regeneration]

   It increases your rate of magic regeneration.
   rF:        It makes you vulnerable to fire.
   rElec:     It insulates you from electricity.
   +Inv:      It lets you turn invisible.
   Will:      It increases your willpower.
Wands
 o - a wand of iceblast (41)
 G - a wand of digging (28)
 H - a wand of quicksilver (21)
Scrolls
 a - 16 scrolls of poison
 b - a scroll of magic mapping
 e - 16 scrolls of vulnerability
 j - 23 scrolls of teleportation
 k - a scroll of summoning
 q - 10 scrolls of fog
 P - 8 scrolls of blinking
 R - 7 scrolls of fear
 Y - a scroll of amnesia
 Z - 6 scrolls of silence
Potions
 g - a potion of magic
 i - 9 potions of attraction
 n - 7 potions of invisibility
 p - 16 potions of mutation
 r - 11 potions of might
 u - 9 potions of resistance
 v - 7 potions of lignification
 w - 10 potions of heal wounds
 x - 5 potions of brilliance
 z - 4 potions of berserk rage
 D - 37 potions of curing
 F - 6 potions of flight
 L - a potion of haste
 M - 3 potions of cancellation
 N - 7 potions of ambrosia
Miscellaneous
 I - a lightning rod (4/4)
 K - a phantom mirror


   Skills:
 + Level 16.9 Fighting
 - Level 7.0 Staves
 + Level 16.9 Dodging
 - Level 1.7 Stealth
 - Level 10.0 Shields
 + Level 18.8 Spellcasting
 + Level 16.3 Conjurations
 + Level 21.9 Summonings
 - Level 9.5 Translocations
 - Level 10.4 Transmutations
 - Level 7.3 Fire Magic
 + Level 16.4 Earth Magic
 - Level 6.0 Evocations


You had one spell level left.
You knew the following spells:

 Your Spells              Type           Power      Damage    Failure   Level
a - Foxfire               Conj/Fire      100%       2x1d9     0%          1
b - Dispersal             Tloc           71%        N/A       1%          6
c - Blink                 Tloc           100%       N/A       0%          2
d - Lehudib's Crystal Sp  Conj/Erth      96%        10d21     3%          8
e - Dragon's Call         Summ           91%        N/A       6%          9
f - Lesser Beckoning      Tloc           100%       N/A       0%          2
g - Statue Form           Tmut/Erth      100%       N/A       1%          6
h - Iron Shot             Conj/Erth      96%        9d17      1%          6
i - Monstrous Menagerie   Summ           91%        N/A       1%          7
j - Spellforged Servitor  Conj/Summ      87%        N/A       1%          7
k - Malign Gateway        Summ/Tloc      82%        N/A       1%          7

Your spell library contained the following spells:

 Spells                   Type           Power      Damage    Failure   Level
 Apportation              Tloc           100%       N/A       0%          1
 Beastly Appendage        Tmut           100%       N/A       0%          1
 Magic Dart               Conj           100%       1d8       0%          1
 Summon Small Mammal      Summ           100%       N/A       0%          1
 Necrotise                Necr           100%       1d9       1%          1
 Slow                     Hex            100%       N/A       1%          1
 Sting                    Tmut/Pois      100%       1d8       1%          1
 Momentum Strike          Conj/Tloc      100%       3d10      0%          2
 Passwall                 Tmut/Erth      100%       N/A       0%          2
 Searing Ray              Conj           100%       2d8       0%          2
 Wereblood                Tmut           100%       N/A       0%          2
 Call Canine Familiar     Summ           100%       N/A       0%          3
 Stone Arrow              Conj/Erth      100%       3d13      0%          3
 Summon Guardian Golem    Hex/Summ       100%       N/A       0%          3
 Animate Armour           Summ/Erth      100%       N/A       0%          4
 Iskenderun's Battlesphe  Conj           100%       2d15      0%          5
 Lee's Rapid Deconstruct  Erth           97%        3d42*     0%          5
 Summon Cactus Giant      Summ           91%        N/A       0%          6
 Cigotuvi's Dreadful Rot  Necr/Pois/Air  100%       N/A       1%          2
 Ensorcelled Hibernation  Hex/Ice        100%       N/A       1%          2
 Poisonous Vapours        Pois/Air       100%       N/A       1%          2
 Scorch                   Fire           100%       2d10      1%          2
 Static Discharge         Conj/Air       100%       2-7/arc   1%          2
 Sublimation of Blood     Necr           80%        N/A       1%          2
 Confusing Touch          Hex            80%        N/A       1%          3
 Dazzling Flash           Conj/Hex       100%       N/A       1%          3
 Gell's Gravitas          Tloc           100%       N/A       1%          3
 Hailstorm                Conj/Ice       100%       3d20      1%          3
 Ignite Poison            Fire/Tmut/Pois 100%       N/A       1%          3
 Inner Flame              Hex/Fire       100%       N/A       1%          3
 Kindle Blastsparks       Fire/Tloc/Air  100%       2d18      1%          3
 Portal Projectile        Hex/Tloc       100%       N/A       1%          3
 Spider Form              Tmut/Pois      100%       N/A       1%          3
 Swiftness                Air            80%        N/A       1%          3
 Teleport Other           Tloc           100%       N/A       1%          3
 Tukima's Dance           Hex            80%        N/A       1%          3
 Vampiric Draining        Necr           80%        2d11      1%          3
 Vhi's Electric Charge    Tloc/Air       100%       N/A       1%          3
 Flame Wave               Conj/Fire      100%       2d21      1%          4
 Fulminant Prism          Conj/Hex       67%        3d27      1%          4
 Ice Form                 Ice/Tmut       100%       N/A       1%          4
 Leda's Liquefaction      Hex/Erth       80%        N/A       1%          4
 Passage of Golubria      Tloc           100%       N/A       1%          4
 Petrify                  Tmut/Erth      100%       N/A       1%          4
 Sticky Flame             Conj/Fire      100%       2d11      1%          4
 Summon Ice Beast         Ice/Summ       100%       N/A       1%          4
 Summon Lightning Spire   Summ/Air       100%       N/A       1%          4
 Alistair's Intoxication  Tmut/Pois      80%        N/A       1%          5
 Arcjolt                  Conj/Air       67%        1d77      1%          5
 Blade Hands              Tmut           72%        N/A       1%          5
 Borgnjor's Vile Clutch   Necr/Erth      80%        N/A       1%          5
 Irradiate                Conj/Tmut      78%        3d37      1%          5
 Summon Forest            Summ/Tloc      82%        N/A       1%          5
 Summon Mana Viper        Hex/Summ       100%       N/A       1%          5
 Yara's Violent Unravell  Hex/Tmut       60%        3d23      1%          5
 Summon Horrible Things   Summ           91%        N/A       1%          8
 Conjure Ball Lightning   Conj/Air       67%        3x3d25    2%          6
 Plasma Beam              Fire/Air       55%        2x1d77    3%          5
 Airstrike                Air            40%        2d(6-22)  4%          4
 Anguish                  Hex/Necr       40%        N/A       4%          4
 Animate Dead             Necr           80%        N/A       4%          4
 Cause Fear               Hex            40%        N/A       4%          4
 Dispel Undead            Necr           80%        3d26      4%          4
 Olgreb's Toxic Radiance  Pois           80%        N/A       4%          4
 Haunt                    Necr/Summ      73%        N/A       4%          7
 Dragon Form              Tmut           72%        N/A       5%          7
 Eringya's Noxious Bog    Tmut/Pois      60%        N/A       9%          6
 Agony                    Necr           80%        N/A       14%         5
 Metabolic Englaciation   Hex/Ice        40%        N/A       14%         5
 Silence                  Hex/Air        40%        N/A       14%         5
 Storm Form               Tmut/Air       60%        N/A       43%         7
 Disjunction              Tloc           71%        N/A       54%         8
 Death Channel            Necr           40%        N/A       58%         6
 Simulacrum               Ice/Necr       40%        N/A       58%         6
 Ignition                 Fire           65%        3d17      83%         8
 Necromutation            Tmut/Necr      60%        N/A       98%         8
 Enfeeble                 Hex            40%        N/A       99%         7
 Ozocubu's Refrigeration  Ice            40%        4d16      99%         7
 Borgnjor's Revivificati  Necr           40%        N/A       100%        8
 Discord                  Hex            40%        N/A       100%        8
 Infestation              Necr           40%        N/A       100%        8
 Maxwell's Capacitive Co  Air            40%        ∞         100%        8
 Death's Door             Necr           40%        N/A       100%        9


Dungeon Overview and Level Annotations

Branches:
Dungeon (15/15)            Temple (0/1) D:6            Lair (5/5) D:9
  Swamp (4/4) Lair:2       Spider (4/4) Lair:2        Slime (5/5) Lair:4
    Orc (2/2) D:12            Elf (3/3) Orc:2        Vaults (4/5) D:14
  Crypt (3/3) Vaults:3       Tomb (0/3) Crypt:3      Depths (4/4) D:15
    Zot (5/5) Depths:4      Sewer (visited)         Ossuary (visited)
  IceCv (visited)          WizLab (visited)         Desolation (visited)
Gauntlet (visited)

Shops:
D:5 [(!?[   D:7 :   D:12 *   D:13 =   D:15 !   Orc:1 **   Orc:2 ?**[   Elf:1 *
Vaults:4 *   Depths:1 ::=   Depths:4 [

Portals:
Hell: Depths:1 Depths:2 Depths:3 Depths:4
Abyss: Depths:2 Depths:3 Depths:4
Pandemonium: Depths:2 Depths:3
Ziggurat: Depths:2

Annotations:
D:4 2 transporters, exclusion: upstairs
D:10 2 transporters, petzl's ghost, weakling FoDe
Swamp:4 1 runed translucent door, lunkers's ghost, adept MeEE
Spider:1 exclusion: 6 doors
Vaults:1 2 transporters, Vogeir's ghost, veteran HuIE
Zot:1 1 exclusion
Zot:2 2 exclusions


Innate Abilities, Weirdness & Mutations

You have an increased reservoir of magic. (+10% MP)
You shall have no god before yourself.
Your divine heritage dramatically boosts your attributes as you level up.
You have sharp fingernails.
You are agile. (Dex +4, Str/Int -1)
You are frail. (-10% HP)
Potions are less effective at restoring your health.


Message History

There is a stone staircase leading down here.
There is an open door here.
You open the door.
There is an open door here.
There is a staircase leading out of the dungeon here.
Okay, then.
Unknown command.
As you read the scroll of summoning, it crumbles to dust.
Wisps of shadow whirl around you...
As you read the scroll of summoning, it crumbles to dust.
Wisps of shadow whirl around you...
As you read the scroll of summoning, it crumbles to dust.
Wisps of shadow whirl around you...
As you read the scroll of summoning, it crumbles to dust.
Wisps of shadow whirl around you...
As you read the scroll of summoning, it crumbles to dust.
Wisps of shadow whirl around you...
Okay, then.
Casting: Lehudib's Crystal Spear (dangerous; 3% risk of failure)
Confirm with . or Enter, or press ? or * to list all spells.
You need more open space to create a gateway.
Casting: Malign Gateway (mildly dangerous; 1% risk of failure)
Confirm with . or Enter, or press ? or * to list all spells.
You feel a surge of power!
You call out to the draconic realm, and the dragon horde roars back!
You fade into invisibility!
Really quaff the potion of attraction? [Y]es or [N]o only, please.
Really quaff the potion of attraction?
You feel attractive to monsters.
You feel very mighty all of a sudden.
You feel protected.
You feel clever all of a sudden.
You feel very buoyant.
You fly up into the air.
You feel yourself speed up.
A red film seems to cover your vision as you go berserk!
You feel yourself moving faster!
You feel mighty!
You feel a strong urge to attack something.
You have escaped!

#.# #.##.# #.# #.##.# #.#
#.##.############## #.#
#.##..............# #.#
#.##..###########.#### #.#
###.##..# #...>. #.#
#..######### ###### #.#
#..#.Srlbb.### #. #.#
#..'.gB@rB.'.##########.
#.####.##.rSwgK.#............
#.......##########.#######...
#.##....#.......##.# #...
##....##.'.>.>.>.'..# #.##
##..#..####.......#### #.#
#.##.##.# ######### #.#
#.#.♣.#.# ##########.#
#.##.##.# #..........#


You could see a friendly dart slug (summoned), 3 friendly quokkas, 2 friendly
giant cockroaches, a friendly hobgoblin (summoned), a friendly goblin
(summoned), 2 friendly bats, 2 friendly ball pythons, a friendly kobold
(summoned) and a friendly frilled lizard (summoned).

Vanquished Creatures
  A dread lich (Zot:5)
  4 ancient liches
  2 orbs of fire
  Vv (Crypt:2)
  Frederick (Vaults:2)
  Margery (Vaults:2)
  Boris (thrice) (Crypt:1 Crypt:2 Crypt:3)
  6 Killer Klowns
  Bai Suzhen (Vaults:4)
  4 curse toes
  10 golden dragons
  Nikola (Spider:2)
  8 tentacled monstrosities
  5 electric golems
  A Hell Sentinel (D:14)
  7 liches
  8 Orb Guardians (Zot:5)
  6 quicksilver dragons
  4 deep elf master archers (Elf:3)
  A walking divine tome (Depths:3)
  Gastronok (D:9)
  An Executioner (Zot:1)
  Kirke (Lair:4)
  Agnes (D:14)
  8 death cobs
  6 ancient champions
  14 acid blobs
  A shadow dragon (shapeshifter) (Depths:4)
  3 thorn hunters
  The ghost of Eclyr the Hoplite, an adept MiBe of Trog (Elf:1)
  The ghost of Erucwoab the Arsonist, an adept DgDe (Spider:1)
  Donald (Spider:2)
  A tengu reaver (Depths:3)
  9 storm dragons
  5 fenstrider witches
  3 draconian monks
  A revenant (Crypt:1)
  3 rockslimes
  2 shadow dragons (Depths:3)
  5 azure jellies
  7 fire giants
  4 frost giants
  4 vault wardens
  An iron dragon (Depths:3)
  6 ghost moths
  An emperor scorpion (Spider:1)
  Louise (Swamp:2)
  An imperial myrmidon (Desolation)
  2 deep elf sorcerers (Elf:3)
  2 draconian knights
  A curse skull (Crypt:3)
  A draconian scorcher (Zot:3)
  A balrug (Depths:1)
  Aizul (Vaults:2)
  A caustic shrike zombie (Crypt:2)
  2 draconian shifters (Zot:4)
  5 draconian annihilators
  The ghost of lunkers the Protected, a journeyman MeFi of Ashenzari (Swamp:1)
  3 reapers
  A draconian stormcaller (Zot:3)
  6 ghouls
  11 ironbound preservers
  3 quicksilver oozes
  A deep elf elementalist (Elf:3)
  A broodmother (Spider:2)
  4 spriggan defenders
  6 very ugly things
  3 war gargoyles
  9 stone giants
  2 black draconians
  5 eleionomae
  A green draconian (Zot:3)
  A vampire knight (Crypt:2)
  6 ironbound thunderhulks
  A halazid warlock (Desolation)
  3 white draconians
  9 bunyips
  3 red draconians
  3 deep elf annihilators (Elf:3)
  A minotaur (Gauntlet)
  2 blizzard demons
  17 dire elephants
  11 spark wasps
  10 purple draconians
  5 yellow draconians
  4 fire dragons
  11 entropy weavers
  5 ettins
  3 deep elf death magi
  3 crystal guardians (Desolation)
  Josephine (D:14)
  A jiangshi (Crypt:1)
  2 shambling mangroves (Swamp:4)
  5 eidola
  A caustic shrike simulacrum (Crypt:3)
  2 deep elf high priests
  6 great orbs of eyes
  2 ragged hierophants (Desolation)
  3 yaktaur captains
  14 hydras
  A rakshasa (Depths:1)
  Harold (D:9)
  3 catoblepae
  5 spriggan air magi
  2 spriggan zombies (Crypt:2)
  3 ice dragons
  2 vault guards
  5 ironbound frosthearts
  2 hell beasts
  6 servants of whispers (Desolation)
  4 peacekeepers
  A death knight (Crypt:1)
  A ghost crab (Swamp:3)
  3 centaur warriors (D:14)
  A spriggan skeleton (Crypt:2)
  5 boulder beetles
  10 nameless horrors
  4 ogre magi (Swamp:4)
  7 radroaches
  A jorogumo (Spider:2)
  A bennu zombie (Crypt:3)
  8 two-headed ogres
  4 death yaks (Lair:5)
  An Orb Guardian skeleton (Crypt:1)
  3 alligators
  3 tengu warriors
  3 vampire magi
  12 dancing weapons
  4 spriggan berserkers (Depths:2)
  10 hell knights
  11 deep elf knights
  A titan skeleton (Crypt:2)
  3 soul eaters
  3 iron trolls
  A skyshark (Lair:4)
  8 pharaoh ants
  4 sun moths
  2 shadow wraiths
  3 goliath frogs
  28 deep trolls
  4 spriggan druids
  Amaemon (D:11)
  7 orb spiders
  7 skeletal warriors
  2 glowing orange brains
  A death drake (shapeshifter) (Depths:3)
  8 deep elf archers
  2 steelbarb worms
  5 flayed ghosts
  7 bog bodies
  An iron giant skeleton (Crypt:1)
  3 large abominations (Depths:3)
  A harpy (shapeshifter) (D:14)
  4 harpies (Vaults:4)
  3 swamp dragons
  6 wizards
  15 lindwurms
  A phantasmal warrior (Vaults:1)
  4 orc sorcerers
  12 orc knights
  3 necromancers
  25 wolf spiders
  16 deep elf pyromancers
  17 deep elf zephyrmancers
  3 cyclopes
  16 ugly things
  5 will-o-the-wisps
  16 ironbound convokers
  5 oklob plants
  A stone giant zombie (Crypt:1)
  3 shining eyes
  17 moths of wrath
  28 elephants
  A salamander (D:15)
  7 manticores
  An eleionoma skeleton (Crypt:1)
  13 vault sentinels
  3 guardian serpents (Desolation)
  6 orange demons
  5 black mambas
  7 cane toads
  2 gargoyles
  2 ice statues (IceCv)
  2 demonic crawlers
  4 torpor snails
  4 unseen horrors
  An unseen horror (shapeshifter) (Gauntlet)
  3 tengu conjurers
  9 komodo dragons
  A freezing wraith (Vaults:3)
  6 rime drakes
  3 efreet
  A komodo dragon (shapeshifter) (Depths:3)
  9 yaktaurs
  3 kobold demonologists (D:13)
  2 dire elephant skeletons
  A pale draconian skeleton (Crypt:3)
  A guardian mummy (Crypt:3)
  9 tyrant leeches
  A purple draconian skeleton (Crypt:1)
  3 bloated husks
  7 meliai
  4 trolls
  Grinder (D:3)
  6 hellwings
  A polar bear (Lair:4)
  34 hornets
  A harpy skeleton (Crypt:2)
  17 saltlings (Desolation)
  18 tarantellas
  A mana viper skeleton (Crypt:3)
  11 blink frogs
  51 slime creatures
  Sigmund (D:2)
  16 spriggans
  6 flying skulls (Crypt:3)
  A ynoxinul (Depths:2)
  30 jumping spiders
  14 culicivoras
  A centaur simulacrum (Crypt:2)
  2 spriggans (shapeshifter)
  2 air elementals
  39 yaks
  3 water elementals
  A shadow (D:11)
  3 hogs (Lair:4)
  6 wraiths
  A black mamba skeleton (Crypt:2)
  10 vampire mosquitoes
  4 golden eyes
  7 wyverns
  2 vampires (WizLab)
  63 redbacks
  4 small abominations (Depths:3)
  8 chaos spawn
  9 fire elementals
  Grum (D:9)
  6 basilisks
  A steam dragon (D:7)
  3 neqoxecs (Swamp:4)
  7 wargs
  Menkaure (D:5)
  A harpy simulacrum (IceCv)
  5 two-headed ogre zombies (WizLab)
  2 acid dragons
  17 swamp worms
  A hell hound (Elf:1)
  A floating eye (Gauntlet)
  12 water moccasins
  A swamp drake (Swamp:2)
  A cane toad skeleton (Crypt:2)
  A black bear (D:6)
  43 orc warriors
  6 ogres
  23 wolves
  3 boggarts (Vaults:4)
  16 centaurs
  2 phantoms (D:4)
  A komodo dragon zombie (Crypt:1)
  4 kobold brigands
  8 bullfrogs
  2 scorpions
  An elf skeleton (Crypt:2)
  2 necrophages
  6 water moccasin zombies (Ossuary)
  13 wights
  A cane toad simulacrum (IceCv)
  3 troll zombies (WizLab)
  9 killer bees
  2 electric eels
  3 howler monkeys
  3 hounds
  A gnoll bouda (D:9)
  12 orc priests
  Crazy Yiuf (D:4)
  14 jellies
  A black bear zombie (Crypt:1)
  3 iguanas
  17 orc wizards
  Natasha (D:2)
  A wolf simulacrum (IceCv)
  4 ogre zombies (WizLab)
  2 naga skeletons (Crypt:2)
  8 mummies
  10 gnolls
  7 adders
  A river rat (D:4)
  A shadow imp (D:7)
  3 white imps
  6 ufetubi
  6 adder zombies (Ossuary)
  4 worms (Spider:2)
  4 dart slugs
  78 orcs
  6 ball pythons
  7 endoplasms
  4 giant cockroaches
  9 goblins
  6 hobgoblins
  3 jackals (D:1)
  A ball python skeleton (Crypt:3)
  10 bats
  3 frilled lizards
  6 gnoll zombies (Ossuary)
  5 hobgoblin zombies (Ossuary)
  A jackal zombie (Crypt:1)
  14 kobolds
  2 kobold zombies (Ossuary)
  5 orc zombies (Ossuary)
  6 rats
  A foxfire (Desolation)
1786 creatures vanquished.

Vanquished Creatures (collateral kills)
  the Royal Jelly (Slime:5)
  3 dread liches
  An ancient lich (Zot:5)
  Mennas (Vaults:2)
  4 juggernauts (Depths:3)
  3 orbs of fire
  Sojobo (Crypt:2)
  Saint Roka (Crypt:2)
  7 Killer Klowns
  2 curse toes (Zot:3)
  Xtahua (Vaults:4)
  2 caustic shrikes (Depths:3)
  7 golden dragons
  A bone dragon (Crypt:3)
  An electric golem (Zot:5)
  An iron giant (Zot:5)
  A walking earthen tome (Depths:3)
  6 tentacled monstrosities
  6 quicksilver dragons
  17 Orb Guardians (Zot:5)
  4 death cobs
  2 sphinxes (Depths:3)
  30 acid blobs
  2 deep elf blademasters
  2 deep elf master archers (Elf:3)
  4 eldritch tentacles
  4 ancient champions
  2 shadow dragons
  3 tengu reavers
  9 storm dragons
  10 azure jellies
  A fire giant (Vaults:1)
  A revenant (Crypt:2)
  7 rockslimes
  3 frost giants (Depths:3)
  A deep elf sorcerer (Elf:3)
  3 draconian monks
  3 draconian knights
  A ghost moth (Zot:2)
  A fire giant (shapeshifter) (Elf:2)
  10 draconian shifters
  5 quicksilver oozes
  A deep elf elementalist (Elf:3)
  4 vault wardens
  A curse skull (Crypt:3)
  An iron dragon (Depths:2)
  6 draconian annihilators
  A reaper (Crypt:3)
  3 draconian scorchers
  3 draconian stormcallers
  A spriggan defender (Depths:2)
  6 ironbound preservers
  A caustic shrike skeleton (Crypt:2)
  3 ironbound thunderhulks
  A war gargoyle (Vaults:4)
  7 very ugly things
  5 stone giants
  A broodmother (Spider:4)
  12 black draconians
  3 green draconians
  2 vampire knights
  20 purple draconians
  2 spark wasps (Depths:1)
  5 red draconians
  Azrael (Elf:2)
  4 dire elephants (Vaults:4)
  15 yellow draconians
  3 deep elf annihilators (Elf:3)
  6 white draconians
  3 ettins (Depths:3)
  2 eidola (Crypt:3)
  2 fire dragons
  5 deep elf death magi
  4 jiangshi
  A vault guard (Vaults:1)
  2 yaktaur captains
  6 great orbs of eyes
  3 ice dragons
  2 ragged hierophants (Desolation)
  An entropy weaver (Spider:4)
  A quicksilver dragon skeleton (Crypt:1)
  4 servants of whispers (Desolation)
  A jorogumo (Spider:4)
  2 rakshasas
  4 spriggan air magi
  An anaconda (Slime:2)
  A boulder beetle (Spider:4)
  15 dancing weapons
  A spriggan skeleton (Crypt:2)
  3 deep troll shamans
  A tengu warrior (Depths:4)
  A deep troll earth mage (Depths:2)
  3 spriggan berserkers
  A sun demon (Zot:4)
  9 hell knights
  A fire crab (shapeshifter) (Depths:3)
  15 skeletal warriors
  A titan skeleton (Crypt:3)
  6 deep elf knights
  2 iron trolls
  A spriggan (Depths:3)
  A sun moth (Spider:4)
  19 deep trolls
  A flayed ghost (Crypt:3)
  An orb spider (Spider:4)
  An anaconda zombie (Crypt:3)
  An orange crystal statue (Zot:5)
  3 lindwurms
  3 necromancers (Crypt:2)
  A wizard (Vaults:2)
  A glowing orange brain (Depths:3)
  A bog body (Crypt:2)
  3 deep elf archers
  2 ironbound convokers
  4 deep elf zephyrmancers
  A deep elf pyromancer (Elf:2)
  A fire giant zombie (Crypt:2)
  2 shining eyes
  A wolf spider (Spider:4)
  9 ugly things
  A manticore (shapeshifter) (Depths:3)
  11 moths of wrath
  A dire elephant zombie (Crypt:2)
  A guardian serpent (Desolation)
  An eye of devastation (Slime:5)
  A smoke demon (Zot:5)
  4 vault sentinels
  An alligator snapping turtle zombie (Crypt:2)
  A naga skeleton (Crypt:3)
  A dire elephant skeleton (Crypt:3)
  A freezing wraith (Crypt:1)
  16 yaktaurs
  A minotaur skeleton (Crypt:2)
  A yaktaur (shapeshifter) (Slime:4)
  2 tengu conjurers (Depths:4)
  A harpy zombie (Crypt:3)
  3 tarantellas (Spider:4)
  A hellwing (Zot:5)
  A hydra zombie (Crypt:3)
  3 hornets
  20 saltlings (Desolation)
  6 nameless horrors
  2 flying skulls (Crypt:3)
  48 slime creatures
  2 jumping spiders (Spider:4)
  An air elemental (Elf:3)
  3 culicivoras (Spider:4)
  2 vampires (WizLab)
  A wraith (Crypt:3)
  A fire elemental (Elf:2)
  A water elemental (Depths:1)
  A large abomination (Zot:1)
  3 redbacks (Spider:4)
  A warg (Crypt:2)
  A naga zombie (Crypt:2)
  3 orc warriors (Crypt:2)
  A boggart (Vaults:4)
  A lindwurm skeleton (Crypt:2)
  An earth elemental (Elf:3)
  A necrophage (Crypt:2)
  3 troll zombies (WizLab)
  A yak skeleton (Crypt:2)
  10 jellies (Zot:1)
  An orc priest (Crypt:2)
  An ogre zombie (WizLab)
  A hound skeleton (Crypt:3)
  7 mummies (Crypt:3)
  An iguana zombie (Crypt:3)
  4 orcs (Crypt:2)
  6 foxfires
642 creatures vanquished.

Vanquished Creatures (others)
  A bone dragon (Depths:4)
  41 eldritch tentacles
  A deep elf knight (Elf:1)
  A deep elf zephyrmancer (Elf:1)
  A shining eye (Slime:5)
  A tarantella (Spider:4)
  An air elemental (Elf:2)
  A human (Lair:4)
  A kobold (D:13)
  1762 foxfires
  118 fungi
  106 plants
2035 creatures vanquished.

Grand Total: 4463 creatures vanquished

Notes
Turn   | Place    | Note
-------+----------+-------------------------------------------
     0 | D:1      | FexLirch the Demigod Fire Elementalist began the quest for
                  | the Orb.
     0 | D:1      | Reached XP level 1. HP: 14/14 MP: 5/5
    71 | D:1      | Reached skill level 1 in Conjurations
   363 | D:1      | Reached XP level 2. HP: 18/20 MP: 2/7
   986 | D:2      | Learned a level 2 spell: Scorch
  1238 | D:2      | Reached XP level 3. HP: 26/26 MP: 2/9
  1337 | D:2      | Noticed Natasha
  1401 | D:2      | Noticed Sigmund
  1611 | D:3      | Learned a level 3 spell: Kindle Blastsparks
  2110 | D:3      | Noticed Grinder
  2136 | D:3      | Reached XP level 4. HP: 28/33 MP: 1/10
  2286 | D:4      | Found a transporter.
  2296 | D:4      | Reached skill level 1 in Translocations
  2470 | D:4      | Reached XP level 5. HP: 38/38 MP: 7/12
  2481 | D:4      | Found a glowing drain.
  2485 | Sewer    | Entered a sewer
  2560 | Sewer    | Noticed a water moccasin
  2582 | Sewer    | Killed a water moccasin
  2694 | D:4      | Reached XP level 6. HP: 32/45 MP: 6/13
  3240 | D:4      | Found a transporter.
  3354 | D:5      | Entered Level 5 of the Dungeon
  3361 | D:4      | Learned a level 3 spell: Teleport Other
  3559 | D:5      | Found Duodeisa's Antique Weapon Shoppe.
  3651 | D:5      | Reached XP level 7. HP: 50/50 MP: 3/15
  3755 | D:5      | Found Jeotwaik's Antique Armour Shoppe.
  3887 | D:5      | Noticed Menkaure
  4044 | D:6      | Reached skill level 5 in Fire Magic
  4283 | D:6      | Reached XP level 8. HP: 43/57 MP: 3/18
  4296 | D:6      | Found a sand-covered staircase.
  4382 | Ossuary  | Entered an ossuary
  4425 | Ossuary  | Learned a level 4 spell: Flame Wave
  4716 | Ossuary  | Reached skill level 5 in Conjurations
  4989 | D:6      | Reached skill level 5 in Spellcasting
  5003 | D:6      | Found a staircase to the Ecumenical Temple.
  5465 | D:5      | Found Gehukk's Magic Scroll Shoppe.
  5469 | D:5      | Bought a scroll of noise for 12 gold pieces
  5469 | D:5      | Bought a scroll of identify for 24 gold pieces
  5470 | D:5      | Bought a scroll of identify for 24 gold pieces
  5471 | D:5      | Bought a scroll of identify for 24 gold pieces
  5472 | D:5      | Bought a scroll of identify for 24 gold pieces
  5482 | D:5      | Found Xidwa's Distillery.
  5491 | D:5      | Bought a potion of heal wounds for 70 gold pieces
  5491 | D:5      | Bought a potion of cancellation for 112 gold pieces
  5491 | D:5      | Bought a potion of brilliance for 56 gold pieces
  5491 | D:5      | Bought a potion of ambrosia for 112 gold pieces
  5621 | D:5      | Found Coacramn's Armour Boutique.
  5942 | D:6      | Learned a level 2 spell: Lesser Beckoning
  6132 | D:7      | Reached skill level 5 in Translocations
  6382 | D:7      | Reached XP level 9. HP: 71/71 MP: 19/22
  6425 | D:7      | Found Fecial's Vocational Training.
  7041 | D:7      | Reached skill level 1 in Earth Magic
  7174 | D:7      | Learned a level 3 spell: Gell's Gravitas
  7406 | D:2      | Killed Sigmund
  7407 | D:2      | Reached XP level 10. HP: 79/79 MP: 16/23
  7575 | D:2      | Killed Natasha
  7825 | D:3      | Killed Grinder
  7959 | D:4      | Found a runed translucent door.
  7960 | D:4      | Noticed Crazy Yiuf
  8016 | D:5      | Killed Menkaure
  9768 | D:9      | Found a staircase to the Lair.
  9772 | D:9      | Noticed Harold
  9805 | D:9      | Noticed Gastronok
  9834 | D:9      | Reached skill level 5 in Fighting
  9834 | D:9      | Reached skill level 5 in Dodging
  9834 | D:9      | Reached skill level 5 in Earth Magic
  9834 | D:9      | Reached XP level 11. HP: 88/88 MP: 22/26
  9842 | D:9      | Learned a level 6 spell: Iron Shot
  9916 | D:9      | Noticed Grum
  9922 | D:9      | Killed Grum
 10224 | D:9      | Killed Harold
 10563 | D:9      | Killed Gastronok
 11084 | D:10     | Entered Level 10 of the Dungeon
 11163 | D:10     | Found a transporter.
 11164 | D:10     | Noticed petzl's ghost (weakling FoDe)
 11165 | D:10     | Found a transporter.
 11165 | D:10     | Noticed a two-headed ogre
 11165 | D:10     | Noticed a fire giant
 11167 | D:10     | Noticed a four-headed hydra
 11321 | D:10     | Noticed a two-headed ogre
 11337 | D:10     | Killed a two-headed ogre
 11489 | D:10     | Reached XP level 12. HP: 96/96 MP: 5/28
 12376 | D:11     | Noticed a boulder beetle
 12601 | D:11     | Noticed a boulder beetle
 12708 | D:11     | Noticed Amaemon
 12720 | D:10     | Killed a boulder beetle
 13038 | D:11     | Killed Amaemon
 13651 | D:11     | Killed a boulder beetle
 14535 | D:12     | Found Leismir's General Store.
 14543 | D:12     | Bought a scroll of fear for 52 gold pieces
 15472 | D:12     | Found a staircase to the Orcish Mines.
 16043 | Lair:1   | Entered Level 1 of the Lair of Beasts
 16331 | Lair:1   | Identified the +6 hand axe of Jecsonne {spect, Stlth+}
 17380 | Lair:2   | Reached XP level 13. HP: 105/105 MP: 12/30
 17668 | Lair:2   | Found a staircase to the Swamp.
 17966 | Lair:2   | Found a hole to the Spider Nest.
 18779 | Lair:2   | Learned a level 5 spell: Iskenderun's Battlesphere
 19144 | Lair:2   | Noticed a dire elephant
 19589 | Lair:2   | Killed a dire elephant
 20626 | Lair:3   | Reached skill level 1 in Transmutations
 20648 | Lair:3   | Identified the +3 trident "Concordance" {venom, rElec
                  | Str+3}
 21057 | Lair:4   | Noticed Kirke
 21059 | Lair:4   | Reached skill level 1 in Shields
 21306 | Lair:4   | Killed Kirke
 21579 | Lair:4   | Found a staircase to the Slime Pits.
 21711 | Lair:4   | Reached skill level 10 in Conjurations
 22270 | Lair:4   | You fall into a shaft and drop 1 floor!
 22270 | Lair:5   | Entered Level 5 of the Lair of Beasts
 22585 | Lair:5   | Reached XP level 14. HP: 115/115 MP: 17/32
 22587 | Lair:5   | Found a gate leading to a gauntlet.
 22607 | Gauntlet | Entered a Gauntlet
 22607 | Gauntlet | Found a transporter.
 22614 | Gauntlet | Found a transporter.
 22667 | Gauntlet | Found a transporter.
 22686 | Gauntlet | Found a transporter.
 22688 | Gauntlet | Found a transporter.
 22694 | Gauntlet | Noticed a reaper
 22698 | Gauntlet | Found a transporter.
 22713 | Gauntlet | Found a runed translucent gate.
 22714 | Gauntlet | Found a transporter.
 22714 | Gauntlet | Found a runed translucent gate.
 22715 | Gauntlet | Found a runed translucent gate.
 22724 | Gauntlet | Found a transporter.
 22734 | Gauntlet | Found a transporter.
 22738 | Gauntlet | Found the ring of the Tortoise {AC+8}
 22751 | Gauntlet | Found a transporter.
 22756 | Gauntlet | Found a runed translucent door.
 22757 | Gauntlet | Found a transporter.
 22758 | Gauntlet | Found a runed translucent door.
 22759 | Gauntlet | Found a transporter.
 22822 | Gauntlet | Found a transporter.
 22822 | Gauntlet | Found a transporter.
 22965 | Gauntlet | Reached skill level 5 in Transmutations
 22965 | Gauntlet | Reached skill level 10 in Earth Magic
 22965 | Gauntlet | Reached XP level 15. HP: 121/121 MP: 33/33
 22979 | Gauntlet | Identified the ring of Suspicion {Drain rF+ EV+5 Str+3}
 24363 | Lair:5   | Identified the ring of Befustom {rElec Will- AC+4 Str+6}
 25171 | Lair:5   | Learned a level 6 spell: Statue Form
 25452 | Orc:1    | Entered Level 1 of the Orcish Mines
 25452 | Orc:1    | Found Rul Xick's General Store.
 25456 | Orc:1    | Found Oticiem's Specific Store.
 25866 | Orc:1    | Found Nialisunk's Assorted Antiques.
 26163 | Orc:2    | Entered Level 2 of the Orcish Mines
 26181 | Orc:2    | Found a staircase to the Elven Halls.
 26428 | Orc:2    | Reached skill level 10 in Spellcasting
 27598 | Orc:2    | Found Teteb's Assorted Antiques.
 27598 | Orc:2    | Found Xevekh's Armour Shop.
 27848 | Orc:2    | Found Totates's Assorted Antiques.
 27848 | Orc:2    | Found Hecza's Distillery.
 27854 | Orc:2    | Bought a potion of flight for 42 gold pieces
 27854 | Orc:2    | Bought a potion of attraction for 42 gold pieces
 27883 | Orc:2    | Found Waytux's Magic Scroll Emporium.
 28374 | Orc:1    | Bought 2 scrolls of acquirement for 1352 gold pieces
 28375 | Orc:1    | Acquired 1033 gold pieces
 28377 | Orc:1    | Acquired the +3 warlock's mirror {omnireflect}
 28377 | Orc:1    | Found the +3 warlock's mirror {omnireflect}
 28384 | Orc:1    | Acquired the staff of earth "Lozxarupe" {rC+ rN+}
 28434 | Orc:2    | Bought a tiny amethyst amulet for 140 gold pieces
 28464 | Orc:2    | Bought 3 scrolls of teleportation for 153 gold pieces
 28539 | Orc:1    | Bought a large bronze ring for 120 gold pieces
 28539 | Orc:1    | Bought a runed cloak for 180 gold pieces
 28539 | Orc:1    | Bought a scroll labelled ZATOKE XYTTUU for 24 gold pieces
 28611 | Orc:2    | Bought a potion of brilliance for 56 gold pieces
 28611 | Orc:2    | Bought a potion of curing for 42 gold pieces
 28611 | Orc:2    | Bought a potion of curing for 42 gold pieces
 28611 | Orc:2    | Bought a potion of curing for 42 gold pieces
 28611 | Orc:2    | Bought a potion of curing for 42 gold pieces
 28611 | Orc:2    | Bought a potion of brilliance for 56 gold pieces
 28642 | Orc:2    | Bought a scroll of identify for 48 gold pieces
 28683 | Orc:1    | Bought a phantom mirror for 640 gold pieces
 28878 | Swamp:1  | Entered Level 1 of the Swamp
 28909 | Swamp:1  | Acquired the amulet "Kytsamp" {RegenMP +Inv rElec rF-
                  | Will+}
 29450 | Swamp:1  | Noticed a fenstrider witch
 29458 | Swamp:1  | Killed a fenstrider witch
 29464 | Swamp:1  | Found a large runed translucent door.
 29465 | Swamp:1  | Found a large runed translucent door.
 29670 | Swamp:1  | Noticed lunkers's ghost (journeyman MeFi)
 29723 | Swamp:1  | Noticed a thorn hunter
 29727 | Swamp:1  | Killed a thorn hunter
 29837 | Swamp:1  | Killed lunkers's ghost
 29844 | Swamp:1  | Got the Meditations on Planar Mortification
 29930 | Swamp:2  | Noticed a thorn hunter
 29937 | Swamp:2  | Killed a thorn hunter
 30060 | Swamp:2  | Noticed Louise
 30082 | Swamp:2  | Killed Louise
 30141 | Swamp:2  | Reached XP level 16. HP: 132/132 MP: 9/35
 30226 | Swamp:2  | Reached skill level 5 in Shields
 30507 | Swamp:2  | You fall into a shaft and drop 1 floor!
 31045 | Swamp:3  | Learned a level 6 spell: Dispersal
 31321 | Swamp:4  | Entered Level 4 of the Swamp
 32012 | Swamp:4  | Reached skill level 10 in Dodging
 32284 | Swamp:4  | Found a runed translucent door.
 32284 | Swamp:4  | Noticed lunkers's ghost (adept MeEE)
 32353 | Swamp:4  | Reached skill level 10 in Fighting
 32728 | Swamp:4  | Got a decaying rune of Zot
 32861 | Spider:1 | Entered Level 1 of the Spider Nest
 33378 | Spider:1 | Reached XP level 17. HP: 140/140 MP: 16/38
 33597 | Spider:1 | Found a large runed translucent door.
 33598 | Spider:1 | Found a large runed translucent door.
 33750 | Spider:1 | Noticed Erucwoab's ghost (adept DgDe)
 33759 | Spider:1 | Killed Erucwoab's ghost
 34534 | Spider:2 | Noticed Donald
 34541 | Spider:2 | Killed Donald
 34581 | Spider:2 | Noticed Nikola
 34629 | Spider:2 | Killed Nikola
 36420 | D:13     | Found Ekhlut Ykhle's Jewellery Emporium.
 36444 | D:13     | Acquired 814 gold pieces
 36556 | D:13     | Found a frozen archway.
 36614 | IceCv    | Entered an ice cave
 36626 | IceCv    | Found a transporter.
 36641 | IceCv    | Found a transporter.
 37737 | D:14     | Reached skill level 1 in Summonings
 37918 | D:14     | Acquired the +0 pair of boots of Fabulous Mirth {Str+3 SInv
                  | Stlth+}
 37966 | D:14     | Noticed Agnes
 37973 | D:14     | Killed Agnes
 37990 | D:14     | Noticed Josephine
 37992 | D:14     | Killed Josephine
 38240 | D:14     | Found a gate to the Vaults.
 38389 | D:15     | Entered Level 15 of the Dungeon
 38468 | D:15     | Found Xeffe's Distillery.
 38480 | D:15     | Bought a potion of heal wounds for 90 gold pieces
 38680 | D:15     | Found a staircase to the Depths.
 38709 | D:15     | Reached XP level 18. HP: 132/151 MP: 1/40
 39070 | D:15     | Reached skill level 2 in Summonings
 39454 | Elf:1    | Entered Level 1 of the Elven Halls
 39538 | Elf:1    | Found a runed translucent door.
 39541 | Elf:1    | Noticed Eclyr's ghost (adept MiBe)
 39547 | Elf:1    | Killed Eclyr's ghost
 39553 | Elf:1    | Identified the staff of cold "Zaithrus" {rC+ Int+2 Dex-5
                  | SInv}
 40225 | Elf:1    | Found Haxzimpef's Assorted Antiques.
 40232 | Elf:1    | Bought a scroll labelled XEVILEA SUNWU for 29 gold pieces
 40523 | Elf:2    | Noticed Azrael
 40604 | Elf:2    | Found a crumbling gateway.
 40608 | Desolati | Entered the Desolation of Salt
 40617 | Desolati | Learned a level 7 spell: Spellforged Servitor
 40733 | Desolati | Reached skill level 3 in Summonings
 41275 | Desolati | Got the Compendium of Conflict
 41388 | Desolati | Identified the +1 pair of gloves "Loug" {Dex+2}
 41517 | Desolati | Identified the ring "Coikiw" {Ice rElec Str+2 SInv}
 41592 | Desolati | Identified the +2 halberd "Geelle" {speed, *Noise Str+3
                  | Int+3}
 41594 | Desolati | Identified the ring of Jowoj {+Blink Fly Will+ rCorr Str+3}
 42142 | Elf:2    | Killed Azrael
 42205 | Elf:2    | Noticed a juggernaut
 42206 | Elf:2    | a juggernaut changed into a rockslime
 42268 | Elf:2    | Noticed an iron giant
 42279 | Elf:2    | an iron giant changed into a shadow dragon
 42281 | Elf:2    | a shadow dragon changed into an iron giant
 42281 | Elf:2    | Noticed an iron giant (glowing shapeshifter)
 42282 | Elf:2    | an iron giant changed into a shadow dragon
 42283 | Elf:2    | a shadow dragon changed into a caustic shrike
 42283 | Elf:2    | Noticed a caustic shrike (glowing shapeshifter)
 42284 | Elf:2    | a caustic shrike changed into a frost giant
 42286 | Elf:2    | a frost giant changed into an iron giant
 42286 | Elf:2    | Noticed an iron giant (glowing shapeshifter)
 42287 | Elf:2    | an iron giant changed into an acid blob
 42340 | Elf:2    | Reached skill level 4 in Summonings
 42532 | Elf:2    | Found a huge runed translucent gate.
 42532 | Elf:2    | Found a huge runed translucent gate.
 42532 | Elf:2    | Found a huge runed translucent gate.
 42532 | Elf:2    | Found a huge runed translucent gate.
 42532 | Elf:2    | Found a huge runed translucent gate.
 42756 | Elf:2    | Reached skill level 10 in Transmutations
 43134 | Elf:3    | Entered Level 3 of the Elven Halls
 43595 | Elf:3    | Reached XP level 19. HP: 160/160 MP: 26/42
 43595 | Elf:3    | Paralysed by an air elemental for 1 turns
 44001 | Elf:3    | Reached skill level 5 in Summonings
 44177 | Elf:3    | Learned a level 2 spell: Blink
 44188 | Elf:3    | Identified the ring "Qizoilee" {rPois rN+ rCorr AC+4}
 44206 | Elf:3    | Identified the +2 glaive of Oraacezo {holy, rElec rF+++
                  | Str-2 Dex-3}
 44260 | Elf:3    | Found the +9 scales of the Dragon King {rPois rF+ rC+
                  | Will+}
 44276 | Elf:3    | Got the Papyrus of the Dragonfly
 44284 | Elf:3    | Identified the +6 battleaxe "Rigiss" {protect, Str+2}
 44317 | Elf:3    | Identified the +2 hat of the Nexus {rPois rN+ Str-3 Slay+2}
 44321 | Elf:3    | Identified the staff of cold "Ywiaxuown" {rC+ Will+ Str+3
                  | Stlth-}
 44331 | Elf:3    | Identified the +2 buckler "Edghi" {rN+}
 44331 | Elf:3    | Identified the +1 morningstar "Icleecsi" {vamp, Int+4 SInv}
 44757 | Spider:4 | Entered Level 4 of the Spider Nest
 45212 | Spider:4 | Reached skill level 1 in Staves
 45991 | Spider:4 | Got a gossamer rune of Zot
 46501 | Orc:2    | Bought a scroll of teleportation for 51 gold pieces
 46531 | Orc:2    | Bought a scroll of teleportation for 84 gold pieces
 46531 | Orc:2    | Bought a scroll of teleportation for 84 gold pieces
 46531 | Orc:2    | Bought a scroll of teleportation for 84 gold pieces
 46655 | Vaults:1 | Entered Level 1 of the Vaults
 47364 | Vaults:1 | Found a transporter.
 47364 | Vaults:1 | Identified the +6 great mace "Sohu" {elec, Str+4}
 47366 | Vaults:1 | Noticed Vogeir's ghost (veteran HuIE)
 47367 | Vaults:1 | Found a transporter.
 47506 | Vaults:1 | Reached skill level 6 in Summonings
 48467 | Vaults:2 | Noticed Aizul
 48473 | Vaults:2 | Killed Aizul
 48484 | Vaults:2 | Reached skill level 10 in Shields
 48536 | Vaults:2 | Noticed Frederick
 48542 | Vaults:2 | Killed Frederick
 48611 | Vaults:2 | Reached XP level 20. HP: 170/170 MP: 27/44
 48628 | Vaults:2 | Learned a level 8 spell: Lehudib's Crystal Spear
 48667 | Vaults:2 | Reached skill level 1 in Evocations
 48788 | Vaults:2 | Noticed Margery
 48801 | Vaults:2 | Killed Margery
 48945 | Vaults:2 | Noticed Mennas
 48968 | Vaults:2 | Killed Mennas
 49221 | Vaults:2 | Identified the +6 arbalest "Bovurgh" {freeze, rPois rC+
                  | Int+5 Stlth-}
 50513 | Vaults:3 | Reached skill level 7 in Summonings
 51001 | Vaults:3 | You fall into a shaft and drop 1 floor!
 51016 | Vaults:4 | Found Omobb's General Store.
 51151 | Vaults:4 | Noticed Xtahua
 51188 | Vaults:4 | Killed Xtahua
 51189 | Vaults:4 | Reached skill level 15 in Spellcasting
 51313 | Vaults:4 | Identified the +2 helmet of Veistucw {rN+}
 51773 | Vaults:3 | Found a staircase to the Crypt.
 52024 | Vaults:4 | Reached skill level 5 in Staves
 52031 | Vaults:4 | Noticed Bai Suzhen
 52272 | Vaults:4 | Killed Bai Suzhen
 52843 | Vaults:4 | Reached XP level 21. HP: 130/178 MP: 42/46
 53650 | Crypt:1  | Entered Level 1 of the Crypt
 53712 | Crypt:1  | Found a magical portal.
 53720 | Crypt:1  | Reached XP level 22. HP: 187/187 MP: 47/47
 53726 | WizLab   | Entered Zonguldrok's Shrine
 53892 | WizLab   | Reached skill level 8 in Summonings
 54130 | WizLab   | Noticed an antique lich
 54132 | WizLab   | Killed an antique lich
 54171 | WizLab   | Found the +9 sword of Zonguldrok {reap}
 54378 | Crypt:1  | Noticed Boris
 54385 | Crypt:1  | Killed Boris
 54478 | Crypt:1  | Reached skill level 5 in Evocations
 54651 | Crypt:1  | Identified the +5 falchion of Ubiquitous Judgement {vamp,
                  | rF- rC+ Dex+5 SInv}
 55172 | Crypt:2  | Noticed Boris
 55186 | Crypt:2  | Killed Boris
 55519 | Crypt:2  | Noticed Saint Roka
 55522 | Crypt:2  | Killed Saint Roka
 55714 | Crypt:2  | Noticed Vv
 56042 | Crypt:2  | Noticed Sojobo
 56089 | Crypt:2  | Killed Sojobo
 56164 | Crypt:2  | Killed Vv
 56172 | Crypt:2  | Acquired a book of Transfigurations
 56735 | Crypt:2  | Noticed an ancient lich
 56737 | Crypt:2  | Killed an ancient lich
 57055 | Crypt:3  | Entered Level 3 of the Crypt
 57150 | Crypt:3  | Reached skill level 15 in Earth Magic
 57367 | Crypt:3  | Noticed Boris
 57370 | Crypt:3  | Killed Boris
 57980 | Crypt:3  | Found a staircase to the Tomb.
 58045 | Crypt:3  | Noticed a curse toe
 58048 | Crypt:3  | Killed a curse toe
 58049 | Crypt:3  | Reached skill level 9 in Summonings
 58178 | Crypt:3  | Noticed a dread lich
 58178 | Crypt:3  | Noticed an ancient lich
 58237 | Crypt:3  | Killed an ancient lich
 58238 | Crypt:3  | Reached skill level 15 in Conjurations
 58238 | Crypt:3  | Reached XP level 23. HP: 195/195 MP: 32/49
 58239 | Crypt:3  | Killed a dread lich
 58240 | Crypt:3  | Identified the +5 falchion of Unpleasantness {spect, rC+
                  | rN+ Stlth+}
 58265 | Crypt:3  | Learned a level 7 spell: Malign Gateway
 58573 | Depths:1 | Entered Level 1 of the Depths
 58593 | Depths:1 | Found a gateway to Hell.
 59252 | Depths:1 | Found Idorruolou's Jewellery Emporium.
 59252 | Depths:1 | Found Zocec's Book Shop.
 59253 | Depths:1 | Found Apiel's Book Shop.
 59268 | Depths:1 | Bought a ring of magical power for 340 gold pieces
 59426 | Depths:1 | Identified the +2 barding "Odeun" {Int+6 Dex+2}
 59902 | Depths:2 | Found a one-way gateway to a ziggurat.
 59902 | Depths:2 | Noticed a dread lich
 59915 | Depths:2 | Killed a dread lich
 60092 | Depths:2 | Found a one-way gate leading to the halls of Pandemonium.
 60128 | Depths:2 | Reached skill level 10 in Summonings
 60377 | Depths:2 | Found a one-way gate to the infinite horrors of the Abyss.
 60403 | Depths:2 | Got the Directory of Alteration
 61245 | Depths:3 | Reached skill level 11 in Summonings
 61855 | Depths:3 | Noticed a juggernaut
 61867 | Depths:3 | Killed a juggernaut
 62028 | Depths:3 | Noticed a juggernaut
 62060 | Depths:3 | Killed a juggernaut
 62061 | Depths:3 | Reached skill level 15 in Dodging
 62153 | Depths:3 | Reached skill level 15 in Fighting
 62251 | Depths:3 | Reached skill level 12 in Summonings
 62266 | Depths:3 | Noticed a juggernaut
 62273 | Depths:3 | Killed a juggernaut
 62348 | Depths:3 | Reached XP level 24. HP: 194/206 MP: 8/50
 62481 | Depths:3 | Noticed a juggernaut
 62486 | Depths:3 | Killed a juggernaut
 62773 | Depths:4 | Entered Level 4 of the Depths
 63331 | Depths:4 | Identified the +5 ring mail of Qazlal's Whim {rPois Str+3
                  | Slay+4}
 63435 | Depths:4 | Reached skill level 13 in Summonings
 63566 | Depths:4 | Found Izxoal's Antique Armour Emporium.
 63574 | Depths:4 | Bought a runed cloak for 255 gold pieces
 64347 | Depths:4 | Found a gate to the Realm of Zot.
 65551 | Depths:1 | Bought a book of the Dragon for 920 gold pieces
 66150 | Slime:1  | Entered Level 1 of the Pits of Slime
 66253 | Slime:1  | Gained mutation: You sometimes lose your temper in combat.
                  | [a shining eye]
 66612 | Slime:2  | Reached skill level 14 in Summonings
 66676 | Slime:2  | Learned a level 9 spell: Dragon's Call
 67867 | Slime:4  | Gained mutation: You do not regenerate when monsters are
                  | visible. [a shining eye]
 68227 | Slime:4  | Lost mutation: You do not regenerate when monsters are
                  | visible. [potion of mutation]
 68227 | Slime:4  | Lost mutation: You sometimes lose your temper in combat.
                  | [potion of mutation]
 68227 | Slime:4  | Gained mutation: You are somewhat resistant to further
                  | mutation. [potion of mutation]
 68233 | Slime:5  | Entered Level 5 of the Pits of Slime
 68244 | Slime:5  | Reached skill level 15 in Summonings
 68252 | Slime:5  | Noticed the Royal Jelly
 68254 | Slime:5  | Killed the Royal Jelly
 68530 | Slime:5  | Reached skill level 16 in Summonings
 68565 | Slime:5  | Found the ring of the Hare {EV+10}
 68579 | Slime:5  | Got a slimy rune of Zot
 68585 | Slime:5  | Identified the +3 falchion "Undertaker" {freeze, rF+ Str+6
                  | Dex-3}
 68586 | Slime:5  | Identified the +8 falchion of the Spectre {heavy, *Slow rC+
                  | rN+++ Int+2}
 68611 | Slime:5  | Identified the +5 chain mail "Weres Xim" {Harm rElec rF-}
 68722 | Slime:5  | Identified the staff of cold "Celupor" {Fly rC+ Str+6}
 69490 | Zot:1    | Entered Level 1 of the Realm of Zot
 70474 | Zot:1    | Reached XP level 25. HP: 151/215 MP: 2/51
 70475 | Zot:1    | Reached skill level 17 in Summonings
 71351 | D:12     | Bought a scroll of magic mapping for 97 gold pieces
 71468 | Elf:1    | Bought a scroll of magic mapping for 217 gold pieces
 71468 | Elf:1    | Bought 2 potions of mutation for 464 gold pieces
 71468 | Elf:1    | Bought a potion of mutation for 232 gold pieces
 72195 | Zot:2    | Reached skill level 18 in Summonings
 72473 | Zot:2    | Noticed an orb of fire
 72476 | Zot:2    | Killed an orb of fire
 73075 | Zot:3    | Reached skill level 19 in Summonings
 73364 | Zot:3    | Noticed an orb of fire
 73371 | Zot:3    | Killed an orb of fire
 73580 | Zot:3    | Reached skill level 20 in Summonings
 74208 | Zot:4    | Reached skill level 21 in Summonings
 74860 | Zot:4    | Reached XP level 26. HP: 171/224 MP: 10/51
 74908 | Zot:4    | Learned a level 7 spell: Monstrous Menagerie
 75315 | Zot:5    | Entered Level 5 of the Realm of Zot
 75341 | Zot:5    | Noticed an orb of fire
 75893 | Zot:5    | Gained mutation: You are vulnerable to heat. (rF-) [an orb
                  | of fire]
 75917 | Zot:5    | Killed an orb of fire
 76144 | Zot:5    | Lost mutation: You are somewhat resistant to further
                  | mutation. [potion of mutation]
 76144 | Zot:5    | Lost mutation: You are vulnerable to heat. (rF-) [potion of
                  | mutation]
 76144 | Zot:5    | Gained mutation: You have sharp fingernails. [potion of
                  | mutation]
 76144 | Zot:5    | Gained mutation: You are frail. (-10% HP) [potion of
                  | mutation]
 76144 | Zot:5    | Gained mutation: You are agile. (Dex +4, Str/Int -1)
                  | [potion of mutation]
 76280 | Zot:5    | Noticed an ancient lich
 76306 | Zot:5    | Killed an ancient lich
 76911 | Zot:5    | Noticed an orb of fire
 76918 | Zot:5    | Killed an orb of fire
 77343 | Zot:5    | Noticed an orb of fire
 77363 | Zot:5    | Killed an orb of fire
 77367 | Zot:5    | Noticed an ancient lich
 77369 | Zot:5    | Killed an ancient lich
 77371 | Zot:5    | Noticed a dread lich
 77373 | Zot:5    | Noticed a dread lich
 77385 | Zot:5    | Killed a dread lich
 77575 | Zot:5    | Killed a dread lich
 77715 | Zot:5    | Got the Orb of Zot
 78153 | D:7      | Gained mutation: Potions are less effective at restoring
                  | your health. [a cacodemon]
 78215 | D:4      | Killed Crazy Yiuf
 78287 | D:$      | Escaped with the Orb!

Illustrated notes

Levels and vault maps discovered:
D:1:      minmay_arrival_up_and_down, layout_loops_ring, basic_ecumenical_altar,
          minmay_stone_trees_small, grunt_decor_one_mirror
D:2:      layout_basic, uniq_natasha, uniq_sigmund
D:3:      layout_loops_ring, minmay_between, uniq_grinder
D:4:      gammafunk_steamed_eel, layout_basic, gup_sewer_entry_bowl,
          uniq_crazy_yiuf_cottage
D:5:      layout_loops_cross, mainiacjoe_overflow_big_doors, serial_shops,
          nicolae_shop_crystal, shop_coins, nicolae_lakefront_shop,
          nicolae_lakefront_shop, shop, uniq_menkaure
D:6:      layout_rooms, minmay_temple_entry_crystal_x,
          gup_ossuary_entry_pyramid, serial_bayou_pond_e
D:7:      layout_rooms, mainiacjoe_overflow_tiny_flanked, minivault_1,
          nicolae_shop_vocational
D:8:      layout_rooms, hangedman_feature_mirror
D:9:      layout_basic, grunt_lair_entry_orc_guard_hut, enter_bailey_3,
          uniq_gastronok, uniq_harold, uniq_grum
D:10:     layout_cave_pods, gammafunk_ghost_arena, chequers_mini_garden,
          kennysheep_potato
D:11:     layout_big_octagon, minivault_24, uniq_amaemon
D:12:     layout_loops_corners, david_orc_5, serial_shops, nicolae_shop_trees
D:13:     layout_layer_cave, portal_ice_cave_entry_pillars_2, serial_shops,
          nicolae_stop_n_shop_1, nicolae_tso_swordbearing_angel
D:14:     layout_long_grid, david_vaults_1, minmay_misc_feat_tower, uniq_agnes,
          uniq_josephine
D:15:     hangedman_depths_entry_try_elsewhere_first, layout_stronghold,
          serial_shops, nicolae_shop_advertising_works
          [nicolae_subvault_shop_adworks], good_gods_mini_temple,
          minmay_misc_feat_cross, evilmike_ruin_ashenzari
Lair:1:   layout_chaotic_city
Lair:2:   mu_elephants_graveyard, layout_misc_corridors,
          skrybe_swamp_entry_bodies, nicolae_spider_entry_lesser_pyramids
Lair:3:   layout_gridlike, serial_bayou_ford_a, grunt_megastairs_1
Lair:4:   layout_gridlike, nicolae_slime_entry_field_trip, grunt_megastairs_3,
          uniq_kirke
Lair:5:   hangedman_lair_in_review, layout_regular_city, gauntlet_entry_generic,
          grunt_megastairs_4
Swamp:1:  layout_basic_swamp, ebering_ghost_disaster_area,
          nicolae_swamp_triple_paths, swamp_pool4, nicolae_swamp_trees_clearing,
          nicolae_swamp_hydra_murder_den
Swamp:2:  layout_basic_swamp, evilmike_swamp_ruin_rubble_1,
          hangedman_swamp_blocks, uniq_louise
Swamp:3:  layout_basic_swamp, hangedman_swamp_ruin_wall,
          infiniplex_staircase_pool_2
Swamp:4:  nzn_swamp_witches_coven, layout_basic_swamp, ebering_ghost_xom
Spider:1: spider_temple_joshua, ebering_ghost_disaster_area, drop_trap
Spider:2: layout_spider_delve, nicolae_spider_webs_and_nodes, hive_lemuel,
          uniq_nikola, uniq_donald
Spider:3: layout_spider_delve, nicolae_spider_solar_radiation
Spider:4: spider_rune_water
Slime:1:  layout_caves
Slime:2:  layout_caves, nicolae_slime_phagocytosis
Slime:3:  layout_caves, nicolae_slime_ancient_tower_intersection
Slime:4:  layout_caves, nicolae_slime_crime_time
Slime:5
Orc:1:    layout_caves, serial_shops, nicolae_shop_trees, nicolae_specific_store
Orc:2:    st_orc_town, layout_caves, serial_shops, nicolae_shop_waterfront,
          nicolae_orc_crystal_geode
Elf:1:    layout_geoelf_octagon, ebering_ghost_reflecting_pool, serial_shops,
          nicolae_shop_hallway_plus, kennysheep_underground_church
Elf:2:    elven_hall_of_blades_hangedman_alternative
          [infiniplex_blade_entry_pillars], layout_geoelf_diagonals,
          basic_altar, portal_desolation_entry_nicolae_forbidding_blocks,
          uniq_azrael
Elf:3:    minmay_elf_hall, layout_geoelf_diagonals, minmay_misc_feat_alley,
          serial_sigils_hangedman_scratch
Vaults:1: gammafunk_ghost_smash, st_spiral_rooms, nicolae_vaults_circle_grid_b,
          nicolae_vaults_little_ls, ontoclasm_vaults_tryst, v_misc_10,
          dpeg_vaults_monster_box, vaults_room_grunt_arrival_ludios,
          hangedman_vaults_hat, ontoclasm_vaults_spin, vaults_dpeg_ring,
          layout_vaults_maze_snakey
Vaults:2: v_misc_12, vaults_dpeg_hooks, hangedman_vaults_stagger,
          nicolae_vaults_three_branches, nicolae_vaults_yaktaur_gun_rack,
          v_alt_pattern_5, nicolae_vaults_alarming, layout_vaults_big_room,
          uniq_margery, uniq_aizul, uniq_frederick, uniq_mennas
Vaults:3: v_alt_pattern_2, grunt_vaults_twisty,
          minmay_crypt_entry_simple_sparse, hangedman_vaults_impose,
          ontoclasm_vaults_chip, hangedman_vaults_locks,
          nicolae_vaults_little_squares_2, vaults_room_grid,
          ontoclasm_vaults_idyll, nicolae_vaults_mini_display_case,
          ontoclasm_vaults_decontamination, layout_vaults_omnigrid
Vaults:4: vaults_mumra_minichess_inversion, nicolae_vaults_little_squares_2,
          v_misc_10, vaults_standard_mumra_x, nicolae_vaults_network_s,
          ontoclasm_vaults_ring_large, nicolae_vaults_sealed_display,
          nicolae_vaults_what_the_h, ontoclasm_vaults_ring_small,
          ontoclasm_vaults_twist, nicolae_vaults_little_squares_2,
          vaults_room_hallway, vaults_room_stairs_pillars, layout_vaults_ring,
          serial_shops, shop, uniq_xtahua, uniq_bai_suzhen
Crypt:1:  layout_basic, serial_glass, glass_columns_a, glass_columns_a,
          mu_enter_wizlab_6, item_on_display_a, uniq_boris
Crypt:2:  layout_catacombs, weyrava_lich_vault, uniq_josephina, uniq_vv,
          uniq_sojobo, uniq_saint_roka
Crypt:3:  david_glass_crypt, layout_basic,
          nicolae_tomb_entry_unfolded_pyramid_diagonal, uniq_grunn
Depths:1: layout_gridlike, grunt_mini_vestibule, lemuel_blue_sif_altar,
          minmay_shop_grove, firewood_loft
Depths:2: cheibrodos_lost_city_excavation, layout_gridville, enter_ziggurat_d,
          abyss_entry, kennysheep_crisscross, hell_entry, grunt_pan_entry_zigzag
Depths:3: nicolae_herringbone, layout_cave_pools, grunt_gozag_breadcrumbs,
          pan_entry, hangedman_coc_ice_floe, serial_sigils,
          serial_sigils_hangedman_clutch, serial_sigils_hangedman_shear,
          serial_sigils_hangedman_shear, serial_sigils_hangedman_writhe,
          minmay_room_of_horrors, minivault_16
Depths:4: grunt_x_marks_the_spot, layout_basic, hell_entry,
          abyss_entry_small_statue_room, serial_shops, shop, special_room
          [special_room_jelly], xom_redecorated
Zot:1:    lemuel_acid_trip, layout_cathedral_of_symmetry,
          st_single_dragon_hoard_2
Zot:2:    layout_gridville, grunt_megastairs_5
Zot:3:    cheibrodos_zot_enchanting_chambers, layout_misc_corridors
Zot:4:    kennysheep_bubbly, layout_cathedral_of_symmetry
Zot:5:    layout_onion

Skill      XL: |  1  2  3  4  5  6  7  8  9 10 11 12 13 14 15 16 17 18 19 20 21 22 23 24 25 26 |
---------------+-------------------------------------------------------------------------------+-----
Conjurations   | 1 2 3 4 7 8 9 10 11 12 13 14 15 16 | 16.3
Spellcasting   | 2 3 4 6 7 8 9 10 12 13 14 15 16 17 18 | 18.8
Fire Magic     | 3 4 5 7 |  7.3
Translocations | 1 2 4 6 7 8 9 |  9.5
Fighting       | 4 5 6 7 8 9 10 11 12 13 14 15 16 | 16.9
Dodging        | 4 5 6 7 8 9 10 11 12 13 14 15 16 | 16.9
Earth Magic    | 1 5 6 8 9 10 11 12 13 14 15 16 | 16.4
Transmutations | 2 5 6 8 9 10 | 10.4
Shields        | 2 4 6 7 9 10 | 10.0
Summonings     | 1 4 6 7 9 12 16 21 | 21.9
Staves         | 3 5 7 |  7.0
Evocations     | 4 6 |  6.0
Stealth        | |  1.7

Action                     |  1- 3 |  4- 6 |  7- 9 | 10-12 | 13-15 | 16-18 | 19-21 | 22-24 | 25-27 || total
---------------------------+-------+-------+-------+-------+-------+-------+-------+-------+-------++-------
  Melee: Club              |     6 |       |       |       |       |       |       |       |       ||     6
         Unarmed           |     2 |       |       |       |       |       |       |       |       ||     2
         Short sword       |     6 |       |       |       |       |       |       |       |       ||     6
         Dagger            |       |       |     9 |     3 |       |       |       |       |       ||    12
         Staff             |       |       |       |       |    26 |    33 |   133 |    47 |    20 ||   259
         Lajatang          |       |       |       |       |       |       |       |    16 |       ||    16
   Fire: Sling             |     3 |    15 |     7 |       |       |       |       |       |       ||    25
         Shortbow          |       |       |     7 |     5 |       |       |       |       |       ||    12
  Throw: Throwing net      |       |       |       |     2 |       |       |       |       |       ||     2
         Dart              |       |       |       |     8 |       |       |       |       |       ||     8
   Cast: Foxfire           |    61 |    30 |    67 |   147 |   399 |   217 |    71 |    40 |     6 ||  1038
         Scorch            |     6 |    24 |    48 |   117 |    12 |     3 |       |       |       ||   210
         Kindle Blastspark |       |     4 |     6 |    65 |    14 |     6 |       |       |       ||    95
         Teleport Other    |       |       |     6 |    17 |    21 |     6 |       |       |       ||    50
         Flame Wave        |       |       |    10 |    15 |     8 |    73 |    31 |    15 |       ||   152
         Lesser Beckoning  |       |       |     2 |     5 |       |    12 |     9 |     2 |     2 ||    32
         Gell's Gravitas   |       |       |       |    52 |    44 |       |       |       |       ||    96
         Iron Shot         |       |       |       |    36 |   142 |   374 |   320 |   441 |   205 ||  1518
         Iskenderun's Batt |       |       |       |       |    83 |    93 |    31 |    21 |     4 ||   232
         Statue Form       |       |       |       |       |     4 |    44 |    26 |    23 |     9 ||   106
         Spellforged Servi |       |       |       |       |       |    27 |    80 |   105 |    65 ||   277
         Dispersal         |       |       |       |       |       |     4 |     5 |       |     6 ||    15
         Blink             |       |       |       |       |       |       |     2 |     6 |       ||     8
         Lehudib's Crystal |       |       |       |       |       |       |     4 |    53 |    36 ||    93
         Malign Gateway    |       |       |       |       |       |       |       |    31 |    14 ||    45
         Dragon's Call     |       |       |       |       |       |       |       |     4 |     9 ||    13
         Monstrous Menager |       |       |       |       |       |       |       |       |    24 ||    24
Ability: End Transformatio |       |       |       |       |     2 |    19 |     1 |     2 |     1 ||    25
  Evoke: Wand              |       |       |       |     1 |     1 |     5 |     1 |     3 |     1 ||    12
    Use: Scroll            |     1 |     2 |    13 |     1 |    15 |     7 |    11 |     3 |    15 ||    68
         Potion            |       |       |     5 |     1 |     3 |     1 |     4 |     1 |    21 ||    36
   Stab: Sleeping          |       |       |       |       |       |       |     1 |       |       ||     1
 Armour: Leather armour    |     2 |     6 |    21 |     9 |    30 |       |       |       |       ||    68
         Skin              |       |       |    40 |       |    18 |   184 |   291 |   143 |    18 ||   694
         Troll leather arm |       |       |       |    13 |     7 |       |       |       |       ||    20
         Robe              |       |       |       |       |       |    26 |    11 |    22 |    12 ||    71
  Dodge: Dodged            |    11 |    25 |    54 |    83 |    95 |   515 |   577 |   347 |   135 ||  1842
  Block: Buckler           |       |       |       |       |     9 |   303 |   289 |   116 |    81 ||   798
         Reflection        |       |       |       |       |     1 |    32 |    31 |    19 |    29 ||   112

Table legend: (Time is in decaauts)
 A = Elapsed time spent in this place.
 B = Non-inter-level travel time spent in this place.
 C = Inter-level travel time spent in this place.
 D = Time resting spent in this place.
 E = Time spent auto-exploring this place.
 F = Levels seen in this place.
 G = Mean time per level.
                   A        B        C        D        E       F      G
               +--------+--------+--------+--------+--------+-----+--------+
         Total |  81560 |  70792 |  10768 |  18627 |  23274 |  60 | 1359.3 |
       Dungeon |  20359 |  16810 |   3549 |   3925 |   7192 |  15 | 1357.3 |
          Lair |   9730 |   8513 |   1217 |   3105 |   2921 |   5 | 1946.0 |
         Swamp |   4520 |   4289 |    231 |   1205 |   1551 |   4 | 1130.0 |
   Spider Nest |   5718 |   4982 |    736 |   1187 |   1189 |   4 | 1429.5 |
    Slime Pits |   3093 |   2814 |    279 |    406 |   1716 |   5 |  618.6 |
  Orcish Mines |   3477 |   2842 |    635 |    986 |    946 |   2 | 1738.5 |
   Elven Halls |   4364 |   3788 |    576 |    718 |    803 |   3 | 1454.7 |
        Vaults |   7884 |   6833 |   1051 |   1328 |   2761 |   4 | 1971.0 |
         Crypt |   4593 |   3944 |    649 |    981 |    975 |   3 | 1531.0 |
        Depths |   7144 |   6255 |    889 |   1630 |   2149 |   4 | 1786.0 |
           Zot |   7896 |   6943 |    953 |   2159 |    999 |   5 | 1579.2 |
         Sewer |    152 |    152 |      0 |     41 |      0 |   1 |  152.0 |
       Ossuary |    507 |    507 |      0 |    354 |      0 |   1 |  507.0 |
      Ice Cave |    123 |    123 |      0 |     15 |      0 |   1 |  123.0 |
        Wizlab |    513 |    513 |      0 |    163 |      0 |   1 |  513.0 |
    Desolation |   1071 |   1071 |      0 |    407 |      7 |   1 | 1071.0 |
      Gauntlet |    408 |    408 |      0 |     14 |     63 |   1 |  408.0 |
               +--------+--------+--------+--------+--------+-----+--------+

Top non-repeatable levels by time:
  Lair:2: 2802 daAuts
Depths:3: 2718 daAuts
   Orc:2: 2409 daAuts
    D:12: 2382 daAuts
Spider:1: 2334 daAuts
 Crypt:2: 2301 daAuts
Vaults:3: 2246 daAuts
   Zot:5: 2185 daAuts
     D:9: 2098 daAuts
  Lair:5: 2097 daAuts
Vaults:4: 2033 daAuts
Vaults:1: 1988 daAuts
    D:10: 1929 daAuts
  Lair:4: 1908 daAuts
   Zot:1: 1830 daAuts
